 Dungeon Crawl Stone Soup version 0.30-a0-748-ge6a52f7cba (webtiles) character file.

Game seed: 9092251713350083346

5693 cheesebisquit the Geomancer (level 10, -2/65 HPs)
             Began as a Gargoyle Earth Elementalist on Feb 8, 2023.
             Was a Follower of Vehumet.
             Slain by a manticore (7 damage)
             ... on level 7 of the Dungeon.
             The game lasted 00:31:31 (8963 turns).

cheesebisquit the Geomancer (GrEE)                  Turns: 8963, Time: 00:31:32

Health: -2/65      AC: 11    Str: 14    XL:     10   Next: 76%
Magic:  1/21       EV: 11    Int: 24    God:    Vehumet [*.....]
Gold:   545        SH:  0    Dex: 10    Spells: 19/24 levels left

rFire   . . .      SeeInvis +    C - +3 flail of the Delicate God {vamp, rN+ Str+3 Int+3 SInv}
rCold   . . .      Faith    .    (no shield)
rNeg    + + +      Spirit   .    a - +0 robe
rPois   ∞          Reflect  .    n - +0 helmet
rElec   +          Harm     .    v - +0 cloak
rCorr   .          Rampage  .    (no gloves)
Will    .....                    (no boots)
Stlth   ++                       (no amulet)
HPRegen 0.30/turn                j - ring of flight
MPRegen 0.17/turn                l - ring of positive energy

@: about to teleport, flying, studying Long Blades
A: sickness immunity, AC +7, negative energy resistance 1, electricity
resistance, torment resistance 1, petrification resistance
a: Renounce Religion


You were on level 7 of the Dungeon.
You worshipped Vehumet.
Vehumet was aware of your devotion.
You visited 2 branches of the dungeon, and saw 8 of its levels.

You collected 545 gold pieces.

Inventory:

Hand Weapons
 p - a +0 morningstar of flaming
 u - a +4 quarterstaff of chaos
 C - the +3 flail of the Delicate God (weapon) {vamp, rN+ Str+3 Int+3 SInv}
   (You found it on level 5 of the Dungeon)

   Str:       It affects your strength (+3).
   Int:       It affects your intelligence (+3).
   rN:        It protects you from negative energy.
   SInv:      It lets you see invisible.
Missiles
 i - 37 poisoned darts
 H - 2 curare-tipped darts
Armour
 a - a +0 robe (worn)
 d - a scarf of invisibility
 n - a +0 helmet (worn)
 v - a +0 cloak (worn)
Jewellery
 j - a ring of flight (left hand)
 l - a ring of positive energy (right hand)
Wands
 c - a wand of digging (1)
 t - a wand of flame (63)
 G - a wand of charming (11)
Scrolls
 f - a scroll of poison
 g - a scroll of enchant weapon {unknown}
 k - a scroll of brand weapon
 m - a scroll of noise
 o - 3 scrolls of teleportation
 s - a scroll of fog
 y - a scroll of immolation {unknown}
 D - a scroll of magic mapping {unknown}
 E - a scroll of amnesia
Potions
 e - 4 potions of lignification
 q - 3 potions of curing
 r - 2 potions of ambrosia
 w - a potion of degeneration
 x - 2 potions of flight
 z - 3 potions of attraction
 A - a potion of might
 B - 2 potions of brilliance
 F - a potion of mutation


   Skills:
 + Level 8.5 Fighting
 - Level 1.5 Dodging
 - Level 2.1 Stealth
 + Level 7.5 Spellcasting
 - Level 0.7 Transmutations
 * Level 13.6 Earth Magic


You had 19 spell levels left.
You knew the following spells:

 Your Spells              Type           Power      Damage    Failure   Level
a - Sandblast             Erth           100%       2d20      1%          1
b - Foxfire               Conj/Fire      36%        2x1d5     7%          1
c - Stone Arrow           Conj/Erth      82%        3d12      1%          3

Your spell library contained the following spells:

 Spells                   Type           Power      Damage    Failure   Level
 Passwall                 Tmut/Erth      35%        N/A       1%          2
 Petrify                  Tmut/Erth      43%        N/A       3%          4


Dungeon Overview and Level Annotations

Branches:
Dungeon (7/15)             Temple (1/1) D:6

Altars:
Ashenzari
Cheibriados
Dithmenos
Elyvilon
Fedhas
Gozag
Hepliaklqana
Makhleb
Nemelex Xobeh
Ru
Trog
Uskayaw
Vehumet
Wu Jian
Xom
Zin
The Shining One


Innate Abilities, Weirdness & Mutations

You are immune to sickness and miasma.
Your stone body is resilient. (AC +7)
You are immune to poison.
You resist negative energy. (rN+)
You are resistant to electric shocks. (rElec)
You are resistant to unholy torment.
You are immune to petrification.


Message History

You feel your power returning.
The stone arrow hits the kobold!!
You kill the kobold!
Vehumet accepts your kill.
The manticore flicks its tail.
The volley of spikes hits you!
The barbed spikes become lodged in your body.
The stone arrow hits the kobold!
You kill the kobold!
Vehumet accepts your kill. The kobold hits you with a +0 dagger.
The stone arrow hits the kobold!
You kill the kobold!
Vehumet accepts your kill.
You feel your power returning.
The stone arrow hits the manticore!
The manticore is moderately wounded.
You hit the kobold.
You kill the kobold!
Vehumet accepts your kill. The manticore bites you. The manticore claws you.
The manticore barely misses you. The manticore bites you!
The manticore claws you.
* * * LOW HITPOINT WARNING * * *
The manticore closely misses you.
Okay, then.
Okay, then.
Okay, then.
Okay, then.
You feel better.
You carefully extract the barbed spikes from your body.
The manticore bites you!
* * * LOW HITPOINT WARNING * * *
The manticore claws you.
* * * LOW HITPOINT WARNING * * *
The manticore claws you.
* * * LOW HITPOINT WARNING * * *
As you read the scroll of teleportation, it crumbles to dust.
You feel strangely unstable. The manticore bites you!
You die...

...#...#.## #..........
#####.#....###.#.#.#....
#.#.................
#.##...####..###...
#.###.## ###.####.. #.#
#.# ##.......... #.#
#.###..#.#.#.#.#
#.###'##.........#
#.).H@#.#.#.#.#
......)##......... ##
#...... #.#.#.#.##. .#
....... ........# .#
....... .'....... ##
....... ..###.... .#
#...... .. #.. .#
##...#. ##


You could see a manticore.

Vanquished Creatures
  Pikel (D:6)
  A gargoyle (D:7)
  An unseen horror (D:6)
  Grinder (D:3)
  Sigmund (D:4)
  A human (D:7)
  A yak (D:5)
  4 hogs (D:7)
  Edmund (D:4)
  Menkaure (D:6)
  Duvessa (D:6)
  A water moccasin (D:6)
  2 orc warriors
  3 ice beasts
  A black bear (D:6)
  An ogre (D:3)
  4 phantoms
  2 centaurs (D:6)
  4 kobold brigands
  3 bullfrogs
  2 gnoll sergeants (D:5)
  4 necrophages
  4 scorpions
  3 wights
  Dowan (D:6)
  2 hounds (D:4)
  Crazy Yiuf (D:3)
  Terence (D:2)
  4 iguanas
  5 orc wizards
  Robin (D:2)
  7 adders
  A shadow imp (D:5)
  2 white imps
  3 ufetubi
  2 worms
  2 dart slugs
  24 orcs
  11 bats
  8 endoplasms
  6 giant cockroaches
  13 goblins
  11 hobgoblins
  6 jackals
  22 kobolds
  5 quokkas
  13 ball pythons
  2 frilled lizards (D:3)
  6 rats
207 creatures vanquished.

Notes
Turn   | Place    | Note
-------+----------+-------------------------------------------
     0 | D:1      | cheesebisquit the Gargoyle Earth Elementalist began the
                  | quest for the Orb.
     0 | D:1      | Reached XP level 1. HP: 10/10 MP: 3/3
   259 | D:1      | Reached skill level 4 in Earth Magic
   259 | D:1      | Reached XP level 2. HP: 16/16 MP: 1/5
   332 | D:1      | Found a faded altar of an unknown god.
   681 | D:1      | Reached skill level 1 in Fighting
   947 | D:2      | Reached XP level 3. HP: 19/20 MP: 2/6
  1472 | D:2      | Noticed Terence
  1479 | D:2      | Noticed Robin
  1643 | D:2      | Killed Terence
  1644 | D:2      | Reached XP level 4. HP: 19/26 MP: 2/7
  1719 | D:2      | Reached skill level 5 in Earth Magic
  1926 | D:2      | Killed Robin
  2300 | D:3      | Reached XP level 5. HP: 30/30 MP: 7/9
  2450 | D:3      | Found a sacrificial altar of Ru.
  2744 | D:3      | Found a faded altar of an unknown god.
  2748 | D:3      | Found a blossoming altar of Fedhas.
  2847 | D:3      | Noticed Grinder
  2854 | D:3      | Paralysed by Grinder for 5 turns
  2860 | D:3      | Killed Grinder
  2861 | D:3      | Reached skill level 6 in Earth Magic
  2861 | D:3      | Reached XP level 6. HP: 34/37 MP: 1/11
  3159 | D:3      | Found a runed translucent door.
  3160 | D:3      | Noticed Crazy Yiuf
  3377 | D:3      | Killed Crazy Yiuf
  3512 | D:4      | Reached XP level 7. HP: 27/41 MP: 3/12
  3521 | D:3      | Reached skill level 7 in Earth Magic
  3980 | D:4      | Noticed Sigmund
  3983 | D:4      | Killed Sigmund
  3984 | D:4      | Reached skill level 8 in Earth Magic
  4014 | D:4      | Noticed Edmund
  4047 | D:4      | HP: 2/43 [Edmund/+3 flail of protection (7)]
  4054 | D:4      | Killed Edmund
  4055 | D:4      | Reached XP level 8. HP: 25/48 MP: 3/14
  4498 | D:4      | Found a broken altar of Ashenzari.
  4662 | D:4      | Reached skill level 5 in Fighting
  4662 | D:4      | Reached skill level 9 in Earth Magic
  4730 | D:5      | Entered Level 5 of the Dungeon
  4891 | D:5      | Reached skill level 5 in Spellcasting
  5103 | D:5      | Noticed a yak
  5109 | D:5      | Killed a yak
  5206 | D:5      | Reached skill level 10 in Earth Magic
  5206 | D:5      | Reached XP level 9. HP: 55/55 MP: 12/17
  5407 | D:5      | Identified the +3 flail of the Delicate God {vamp, rN+
                  | Str+3 Int+3 SInv}
  5746 | D:6      | Found a glowing golden altar of the Shining One.
  5920 | D:6      | Noticed Menkaure
  5923 | D:6      | Killed Menkaure
  5924 | D:6      | Reached skill level 11 in Earth Magic
  5935 | D:6      | Found a staircase to the Ecumenical Temple.
  5944 | Temple   | Entered the Ecumenical Temple
  6104 | Temple   | Became a worshipper of Vehumet
  6202 | D:6      | Noticed Pikel
  6209 | D:6      | Killed Pikel
  6210 | D:6      | Found a glowing silver altar of Zin.
  6367 | D:6      | Noticed Dowan
  6398 | D:6      | Killed Dowan
  6540 | D:6      | Reached skill level 12 in Earth Magic
  6685 | D:6      | Noticed an unseen horror
  6693 | D:6      | Killed an unseen horror
  6694 | D:6      | Reached XP level 10. HP: 63/63 MP: 15/20
  7061 | D:6      | Found a glowing golden altar of the Shining One.
  7095 | D:6      | Noticed Duvessa
  7106 | D:6      | Killed Duvessa
  7405 | D:6      | Found a glowing silver altar of Zin.
  7590 | D:6      | Found a staircase to the Ecumenical Temple.
  8202 | D:7      | Reached skill level 13 in Earth Magic
  8433 | D:7      | Reached * piety under Vehumet
  8433 | D:7      | Offered knowledge of Foxfire by Vehumet.
  8483 | D:7      | Noticed a gargoyle
  8490 | D:7      | Killed a gargoyle
  8590 | D:7      | Learned a level 1 spell: Foxfire
  8594 | D:7      | Learned a level 3 spell: Stone Arrow
  8739 | D:7      | Noticed a manticore
  8963 | D:7      | Slain by a manticore

Illustrated notes

Levels and vault maps discovered:
D:1:      shiori_arrival_oz, layout_loops_ring,
          hellmonk_ecumenical_altar_defaced_shrine
D:2:      layout_basic, uniq_robin, uniq_terence
D:3:      layout_loops_ring, nicolae_ru_sacrificial_ziggurat,
          nicolae_overflow_ecumenical_swirl, minmay_misc_feat_encased,
          minmay_snake_closets, uniq_crazy_yiuf_cottage, uniq_grinder
D:4:      cheibrodos_quashed, layout_basic, lemuel_doored_altar, uniq_sigmund,
          uniq_edmund
D:5:      layout_rooms, minmay_bent
D:6:      layout_loops_ring, zin_academy, nicolae_tso_carved_into_rock,
          minmay_temple_entry_drinking_statues, roderic_batcave,
          minmay_manual_moon, uniq_pikel, uniq_menkaure, uniq_duvessa
D:7:      layout_loops_corners, serial_glass, glass_columns_b, glass_columns_b,
          glass_columns_b, glass_columns_c, nrook_campfire,
          hangedman_abyss_or_decor_lesser_grid, grunt_livestock,
          grunt_ministairs_11, minivault_27, hangedman_minor_gate_pass
Temple:   chequers_temple_sunken

Skill      XL: |  1  2  3  4  5  6  7  8  9 10 |
---------------+-------------------------------+-----
Earth Magic    | 4 5 6 8 10 12 13 | 13.6
Fighting       | 1 2 3 4 5 7 8 |  8.5
Spellcasting   | 3 4 5 6 7 |  7.5
Dodging        | |  1.5
Stealth        | |  2.1
Transmutations | |  0.7

Action                     |  1- 3 |  4- 6 |  7- 9 | 10-12 || total
---------------------------+-------+-------+-------+-------++-------
  Melee: Dagger            |     1 |       |       |       ||     1
         Quarterstaff      |       |     2 |     4 |       ||     6
         Flail             |       |       |       |     3 ||     3
  Throw: Dart              |       |     3 |       |       ||     3
   Cast: Sandblast         |    45 |    87 |   156 |    60 ||   348
         Stone Arrow       |       |       |       |    24 ||    24
    Use: Potion            |       |       |     4 |     3 ||     7
         Scroll            |       |       |       |    16 ||    16
 Armour: Robe              |     8 |     9 |    24 |    27 ||    68
  Dodge: Dodged            |    17 |    17 |    48 |    38 ||   120

Table legend: (Time is in decaauts)
 A = Elapsed time spent in this place.
 B = Non-inter-level travel time spent in this place.
 C = Inter-level travel time spent in this place.
 D = Time resting spent in this place.
 E = Time spent auto-exploring this place.
 F = Levels seen in this place.
 G = Mean time per level.
                   A        B        C        D        E       F      G
               +--------+--------+--------+--------+--------+-----+--------+
         Total |   9144 |   8584 |    560 |    591 |   6715 |   8 | 1143.0 |
       Dungeon |   8957 |   8431 |    526 |    591 |   6573 |   7 | 1279.6 |
        Temple |    186 |    152 |     34 |      0 |    142 |   1 |  186.0 |
               +--------+--------+--------+--------+--------+-----+--------+

Top non-repeatable levels by time:
     D:6: 2288 daAuts
     D:3: 1520 daAuts
     D:4: 1311 daAuts
     D:2: 1235 daAuts
     D:1: 947 daAuts
     D:7: 901 daAuts
     D:5: 752 daAuts
  Temple: 186 daAuts
